Map: Orbital Shipyard

Players

TehBeck

  • Race: Zerg Zerg
  • League: Platinum

LilDicky - Winner!

  • Race: Terran Terran
  • League: Diamond

VOD

http://www.twitch.tv/tumescentpie

Description

Time

  • Played on: Dec. 8, 2015, 7 a.m.
  • Length: 7:36
Show
View Real Time Build Order
Export as new Build Order

TehBeck Zerg 

Build Orders: Hatch First 

Get SALT Encoding   

  12  0:01  Drone  
  13  0:09  Drone  
  14  0:17  Overlord  
  14  0:24  Extractor  
  14  0:25  Drone, Extractor  
  13  0:30  Drone  
  16  0:40  Drone  
  17  0:55  Hatchery  
  16  0:59  Drone  
  16  1:00  Drone  
  18  1:14  Spawning Pool  
  18  1:17  Extractor  
  18  1:18  Drone  
  17  1:22  Drone  
  18  1:27  Drone  
  19  1:37  Overlord  
  19  1:48  Drone  
  20  1:59  Drone  
  20  2:01  Queen  
  21  2:07  Queen  
  21  2:08  Drone  
  26  2:10  Drone  
  27  2:18  Metabolic Boost  
  27  2:20  Zergling x2  
  28  2:23  Zergling x2  
  30  2:30  Zergling x2  
  30  2:32  Drone  
  31  2:40  Drone  
  31  2:42  Drone  
  33  2:47  Spore Crawler  
  33  2:49  Spore Crawler  
  33  2:50  Drone  
  32  2:56  Drone  
  33  3:01  Drone  
  33  3:03  Drone  
  35  3:09  Overlord x2  
  35  3:11  Roach Warren  
  34  3:14  Drone x2  
  36  3:21  Overlord  
  36  3:22  Overlord  
  36  3:28  Drone x2  
  38  3:35  Drone x2  
  38  3:39  Drone  
  40  3:42  Drone  
  40  3:47  Drone x3  
  44  3:50  Drone, Extractor  
  44  3:52  Extractor  
  44  3:54  Lair, Drone  
  44  3:56  Drone  
  45  4:07  Drone x4  
  49  4:17  Drone x4  
  49  4:22  Extractor  
  52  4:26  Drone x2  
  52  4:27  Evolution Chamber  
  52  4:28  Evolution Chamber  
  52  4:38  Zergling x2  
  52  4:39  Zergling x2  
  52  4:43  Zergling x2  
  52  4:44  Zergling x6  
  58  4:50  Zergling x2  
  57  4:56  Zergling x2  
  57  4:57  Zergling x6  
  58  5:03  Roach  
  58  5:07  Roach  
  49  5:33  Hydralisk Den  
  48  5:43  Roach  
  48  5:44  Roach x2  
  54  5:56  Roach  
  47  6:05  Roach x3  
  51  6:19  Roach  
Show
View Real Time Build Order
Export as new Build Order

LilDicky Terran - Winner!

Build Orders: Liberator Opening 

Get SALT Encoding   

  12  0:01  SCV  
  13  0:13  SCV  
  14  0:19  Supply Depot  
  14  0:25  SCV  
  14  0:27  Refinery  
  15  0:40  SCV  
  16  0:44  Barracks  
  16  0:53  SCV  
  17  1:05  SCV  
  18  1:17  SCV  
  19  1:27  Refinery  
  20  1:33  Marine  
  20  1:34  Supply Depot  
  20  1:35  Orbital Command  
  20  1:52  Factory  
  20  1:53  Marine  
  21  2:02  SCV  
  22  2:11  Marine  
  22  2:14  SCV  
  24  2:26  SCV  
  25  2:32  Supply Depot  
  25  2:41  Armory  
  25  2:43  Starport  
  25  2:45  Barracks Reactor  
  25  2:49  SCV  
  26  2:52  Factory Tech Lab  
  26  3:02  SCV  
  27  3:14  SCV  
  27  3:18  Supply Depot  
  28  3:23  Marine x2  
  30  3:27  Thor  
  30  3:29  Medivac  
  30  3:30  SCV  
  39  3:36  Supply Depot  
  39  3:40  Marine  
  39  3:41  Marine  
  41  3:43  SCV  
  41  3:44  Liberator  
  43  3:55  SCV  
  43  3:58  Marine x2  
  48  4:07  SCV  
  49  4:12  Supply Depot  
  49  4:16  Marine x2  
  51  4:20  SCV, Siege Tank  
  55  4:29  Supply Depot, Refinery  
  55  4:34  Marine x2  
  57  4:40  Liberator  
  57  4:43  SCV  
  58  4:56  Marine  
  58  4:59  Marine  
  63  5:29  SCV  
  63  5:30  Marine x2  
  63  5:31  Siege Tank  
  69  5:41  SCV  
  70  5:49  Command Center  
  70  5:54  SCV  
  67  6:07  SCV  
  61  6:47  SCV  
  61  6:59  SCV  
  61  7:00  Marine x2  
  64  7:01  Siege Tank  
  64  7:06  Command Center  
  64  7:07  Command Center  
  67  7:11  SCV  
  67  7:18  Starport Reactor  
  67  7:23  SCV  
  67  7:27  Refinery  
Tags
 
Add a new tag
Caveats
  • Supply blocks, unpowered buildings, or Contaminate may cause inaccurate times.
  • Supply counts are checked every 10 seconds.